 Dungeon Crawl Stone Soup version 0.19.3-4-gbf9329e (webtiles) character file.

2058 Alarkh the Cleaver (level 9, 65/65 HPs)
             Began as a Demonspawn Monk on Jan 28, 2017.
             Was a Priest of Okawaru.
             Quit the game on level 8 of the Dungeon.
             The game lasted 00:08:51 (6161 turns).

Alarkh the Cleaver (Demonspawn Monk)                Turns: 6161, Time: 00:08:52

Health: 65/65      AC:  6    Str:  6    XL:     9   Next: 5%
Magic:  9/9        EV: 14    Int: 16    God:    Okawaru [***...]
Gold:   342        SH:  6    Dex: 23    Spells: 0 memorised, 8 levels left

rFire  + + .     SeeInvis +     F - +7 mace "Sihyas" {drain, Str-5 Dex+6 SInv}
rCold  . . .     Gourm    .     w - +2 robe "Voafuted" {rF+ rN+ Stlth+}
rNeg   + . .     Faith    .     (no shield)
rPois  .         Spirit   .     (no helmet)
rElec  .         Reflect  .     p - +0 cloak
rCorr  .         Harm     .     (no gloves)
MR     .....                    C - +0 pair of boots
Stlth  +++.......               u - amulet of regeneration
                                (no ring)
                                v - ring of flight

@: drained
A: claws 1, large bone plates 2, clever 1, demonic guardian 1, fire resistance
1, low mp 1, screaming 1
a: Heroism, Renounce Religion, Evoke Flight


You were on level 8 of the Dungeon.
You worshipped Okawaru.
Okawaru was most pleased with you.
You were not hungry.

You visited 2 branches of the dungeon, and saw 9 of its levels.

You collected 342 gold pieces.

Inventory:

Hand Weapons
 a - a +0 war axe
 q - the +1 quarterstaff "Quybakho" {protect, +Inv rElec Int+2}
   (You found it on level 5 of the Dungeon)

   It protects the one who uses it against injury (+AC on strike).
   It affects your intelligence (+2).
   It insulates you from electricity.
   It lets you turn invisible.
 x - a +0 hand axe
 F - the +7 mace "Sihyas" (weapon) {drain, Str-5 Dex+6 SInv}
   (You found it on level 8 of the Dungeon)

   A truly terrible weapon, it drains the life of those it strikes.
   It affects your strength (-5).
   It affects your dexterity (+6).
   It lets you see invisible.
Armour
 b - a +0 robe
 p - a +0 cloak (worn)
 w - the +2 robe "Voafuted" (worn) {rF+ rN+ Stlth+}
   (You found it on level 5 of the Dungeon)

   It protects you from fire.
   It protects you from negative energy.
   It makes you more stealthy.
 C - a +0 pair of boots (worn)
Jewellery
 u - an amulet of regeneration (around neck)
 v - a ring of flight (left claw)
Wands
 d - a wand of slowing (27/48)
 r - a wand of paralysis (8/24)
 y - a wand of enslavement (15/24)
 H - a wand of teleportation (2/9)
Scrolls
 e - a scroll of identify
 g - 3 scrolls of enchant weapon {unknown}
 h - a scroll of magic mapping
 l - 2 scrolls of immolation {unknown}
 m - 4 scrolls of fog
 n - 5 scrolls of remove curse
 o - 4 scrolls of teleportation
 s - a scroll of fear {unknown}
 z - a scroll of noise {unknown}
 G - a scroll of recharging {unknown}
Potions
 i - a potion of heal wounds
 k - 3 potions of curing
 D - a potion of ambrosia
Books
 A - a book of Enchantments

   Spells                             Type                      Level
   a - Cause Fear                     Hexes                        4
   b - Yara's Violent Unravelling     Hexes/Transmutation          5
   c - Silence                        Hexes/Air                    5
   d - Deflect Missiles               Charms/Air                   6
   e - Discord                        Hexes                        8
Comestibles
 c - 4 bread rations
 f - 2 slices of pizza
 j - 6 meat rations
 t - 2 beef jerkies
 B - 2 royal jellies
 E - 3 fruits


   Skills:
 + Level 3.8(3.4) Fighting
 * Level 10.4(9.9) Axes
 + Level 1.5(1.2) Armour
 + Level 3.4(3.0) Dodging
 - Level 1.7(1.4) Stealth
 + Level 2.2(1.8) Invocations


You had 8 spell levels left.
You didn't know any spells.

Dungeon Overview and Level Annotations

Branches:
Dungeon (8/15)             Temple (1/1) D:5
   Lair: D:8-11

Altars:
Ashenzari
Cheibriados
Dithmenos
Elyvilon
Fedhas
Gozag
Hepliaklqana
Kikubaaqudgha
Makhleb
Nemelex Xobeh
Okawaru
Qazlal
Ru
Sif Muna
Trog
Uskayaw
Vehumet
Xom
Yredelemnul
Zin
The Shining One

Shops:
D:5 [   D:6 (

Annotations:
D:8 Prince Ribbit


Innate Abilities, Weirdness & Mutations

You have sharp fingernails.
You are mostly covered in large bone plates. (SH +6)
A weak demonic guardian rushes to your aid.
Your flesh is heat resistant. (rF+)
Your mind is acute. (Int +2)
Your magical capacity is low. (-10% MP)
You occasionally shout uncontrollably at your foes.


Message History

No target in view!
Things that are here:
a scimitar; a robe
Things that are here:
an enchanted mace; a robe
G - a scroll labeled ALITUNGYSCH
Things that are here:
an enchanted halberd; a robe
l - 2 scrolls labeled LUISHR IDGHUCE (gained 1) Magic restored.
Things that are here:
an enchanted dagger; a robe You now have 342 gold pieces (gained 16).
Eating a chunk of flesh.
You start eating the chunk of flesh.
You are feeling hungry.
This raw flesh tastes terrible.
d - a wand of slowing
H - a wand of teleportation Prince Ribbit comes into view.
Are you sure you want to abandon this character and quit the game? (Confirm with "yes".)

. .. .F. #. #.
..##### . #.
..#...#### #.#.
........# #.#.
#.......##. #...
#......... #####.
#.......#### #.....
#.@......... #.##..
#........### #.##..
#........... #.##..
#.......### #)##..
#.......# #.##..
#.......######.##..
#..............##..
#..............##..
#..............##..


You could see Prince Ribbit (sleeping).

Vanquished Creatures
  The ghost of Alarkh the Cleaver, a novice DsMo of Okawaru (D:4)
  A black bear (D:4)
  A phantom (D:4)
  A sky beast (D:7)
  2 ogres (D:7)
  A centaur (D:6)
  3 bullfrogs
  2 scorpions
  5 wights (D:8)
  A crimson imp (D:5)
  Crazy Yiuf (D:6)
  A bullfrog skeleton (D:8)
  3 orc priests
  6 orc wizards
  A worker ant (D:6)
  An iguana (D:4)
  A worker ant zombie (D:5)
  2 gnolls (D:5)
  4 adders
  A shadow imp (D:5)
  An adder zombie (D:6)
  A worm (D:1)
  4 dart slugs
  4 leopard geckos
  15 orcs
  A ball python (D:3)
  8 bats
  6 giant cockroaches
  3 hobgoblins
  4 jackals
  5 kobolds
  A quokka (D:2)
  4 frilled lizards
  5 goblins
  3 rats
104 creatures vanquished.

Vanquished Creatures (collateral kills)
  Grinder (D:6)
  An ogre (D:5)
  A centaur (D:8)
  An orc priest (D:5)
  An iguana (D:8)
  A gnoll (D:5)
  2 orcs (D:3)
8 creatures vanquished.

Grand Total: 112 creatures vanquished

Notes
Turn   | Place    | Note
-------+----------+-------------------------------------------
     0 | D:1      | Alarkh the Demonspawn Monk began the quest for the Orb.
     0 | D:1      | Reached XP level 1. HP: 18/18 MP: 1/1
    72 | D:1      | Reached skill level 3 in Axes
   143 | D:1      | Gained mutation: You have sharp fingernails. [demonic ancestry]
   143 | D:1      | Reached XP level 2. HP: 11/24 MP: 2/2
   782 | D:2      | Found a snail-covered altar of Cheibriados.
   783 | D:2      | Found a shadowy altar of Dithmenos.
   785 | D:2      | Found a burning altar of Makhleb.
   785 | D:2      | Found an opulent altar of Gozag.
   785 | D:2      | Found a basalt altar of Yredelemnul.
   785 | D:2      | Found a hazy altar of Hepliaklqana.
   786 | D:2      | Found a glowing silver altar of Zin.
   938 | D:2      | Found a faded altar of an unknown god.
   998 | D:2      | Gained mutation: A weak demonic guardian rushes to your aid. [demonic ancestry]
   998 | D:2      | Reached XP level 3. HP: 29/29 MP: 3/3
  1049 | D:2      | Reached skill level 4 in Axes
  1582 | D:3      | Reached XP level 4. HP: 32/35 MP: 4/4
  1983 | D:3      | Reached skill level 5 in Axes
  2175 | D:2      | Reached XP level 5. HP: 20/41 MP: 5/5
  2609 | D:4      | Noticed Alarkh's ghost (novice DsMo)
  2650 | D:4      | Killed Alarkh's ghost
  2650 | D:4      | Reached skill level 7 in Axes
  2650 | D:4      | Reached XP level 6. HP: 21/47 MP: 6/6
  2724 | D:4      | Found an opulent altar of Gozag.
  2923 | D:4      | Gained mutation: You are partially covered in large bone plates. (SH +4) [demonic ancestry]
  2923 | D:4      | Reached XP level 7. HP: 26/52 MP: 7/7
  3464 | D:5      | Entered Level 5 of the Dungeon
  3650 | D:5      | Reached skill level 8 in Axes
  3691 | D:5      | HP: 1/52 [something/magic dart (12)]
  3928 | D:5      | Got a translucent quarterstaff
  3929 | D:5      | Identified the +1 quarterstaff "Quybakho" {protect, +Inv rElec Int+2} (You found it on level 5 of the Dungeon)
  3933 | D:5      | Got a crude robe
  3944 | D:5      | Identified the +2 robe "Voafuted" {rF+ rN+ Stlth+} (You found it on level 5 of the Dungeon)
  4106 | D:5      | Found Emoikkoz's Antique Armour Shoppe.
  4347 | D:5      | Found a staircase to the Ecumenical Temple.
  4362 | Temple   | Entered the Ecumenical Temple
  4564 | Temple   | Became a worshipper of Warmaster Okawaru
  4564 | Temple   | Reached * piety under Okawaru
  4564 | Temple   | Reached ** piety under Okawaru
  4806 | D:6      | Reached skill level 9 in Axes
  4806 | D:6      | Gained mutation: You are mostly covered in large bone plates. (SH +6) [demonic ancestry]
  4806 | D:6      | Reached XP level 8. HP: 51/58 MP: 8/8
  4869 | D:6      | Noticed Grinder
  4891 | D:6      | Killed Grinder
  4915 | D:6      | Found Wofrocu's Weapon Emporium.
  5196 | D:6      | Found a runed door.
  5270 | D:6      | Gained mutation: You occasionally shout uncontrollably at your foes. [potion of mutation]
  5270 | D:6      | Gained mutation: Your magical capacity is low. (-10% MP) [potion of mutation]
  5270 | D:6      | Gained mutation: Your mind is acute. (Int +2) [potion of mutation]
  5279 | D:6      | Noticed Crazy Yiuf
  5287 | D:6      | Killed Crazy Yiuf
  5438 | D:7      | Reached skill level 10 in Axes
  5534 | D:7      | Reached skill level 1 in Invocations
  5589 | D:7      | Reached skill level 1 in Armour
  5633 | D:7      | Reached *** piety under Okawaru
  5906 | D:7      | Noticed a troll
  6080 | D:8      | Got a brightly glowing mace
  6081 | D:8      | Identified the +7 mace "Sihyas" {drain, Str-5 Dex+6 SInv} (You found it on level 8 of the Dungeon)
  6122 | D:8      | Gained mutation: Your flesh is heat resistant. (rF+) [demonic ancestry]
  6122 | D:8      | Reached XP level 9. HP: 53/65 MP: 7/9
  6159 | D:8      | Noticed Prince Ribbit
  6161 | D:8      | Quit the game

Skill      XL: |  1  2  3  4  5  6  7  8 |
---------------+-------------------------+-----
Axes           | 3 4 5 7 9 10 | 10.4
Invocations    | 2 |  2.2
Armour         | 1 |  1.5
Dodging        | 3 |  3.4
Fighting       | |  3.8
Stealth        | |  1.7

Action                   |  1- 3 |  4- 6 |  7- 9 || total
-------------------------+-------+-------+-------++-------
Melee: Hand axe          |   138 |    95 |       ||   233
       War axe           |       |    38 |   213 ||   251
       Quarterstaff      |       |       |     8 ||     8
       Mace              |       |       |    18 ||    18
Invok: Heroism           |       |       |     2 ||     2
  Use: Scroll            |       |     2 |     6 ||     8
       Potion            |       |     2 |     7 ||     9
 Stab: Sleeping          |     6 |     2 |     5 ||    13
       Invisible         |       |     5 |       ||     5
       Distracted        |       |       |     2 ||     2
  Eat: Chunk             |     2 |     4 |    12 ||    18
Armor: Robe              |    32 |    11 |    38 ||    81
Dodge: Dodged            |    77 |    74 |   120 ||   271
Block: Other             |       |       |    52 ||    52
